Map: Ulzaan

Players

Mike - Winner!

  • Race: Protoss Protoss
  • League: Diamond
  • Spawn Location: 11:00

spencedawg - Winner!

  • Race: Zerg Zerg
  • Spawn Location: 9:00

OpuS

  • Race: Protoss Protoss
  • League: Platinum
  • Spawn Location: 3:00

Sketchaphone

  • Race: Zerg Zerg
  • League: Platinum
  • Spawn Location: 1:00

VOD

Have the link to the VOD?

Description

Time

  • Played on: Feb. 15, 2019, 7:22 p.m.
  • Length: 10:43
Show
View Real Time Build Order
Export as new Build Order

Mike Protoss - Winner!

Build Orders: 1 Gate Expand, Archon Immortal 

Get SALT Encoding   

  12  0:00  Probe  
  13  0:13  Probe  
  14  0:20  Pylon  
  14  0:25  Probe  
  15  0:34  Probe  
  15  0:42  Probe  
  16  0:48  Gateway  
  17  0:52  Probe  
  18  1:04  Probe  
  19  1:16  Probe  
  20  1:24  Nexus  
  20  1:28  Assimilator  
  20  1:30  Probe  
  21  1:39  Probe  
  21  1:41  Cybernetics Core  
  22  1:48  Probe  
  22  1:49  Pylon  
  23  2:07  Probe  
  24  2:20  Probe  
  25  2:23  Warp Gate, Gateway  
  25  2:24  Forge  
  25  2:26  Adept  
  27  2:30  Probe  
  27  2:35  Probe  
  29  2:38  Probe  
  29  2:43  Assimilator  
  30  2:46  Probe  
  30  2:48  Probe  
  32  2:54  Protoss Ground Weapons Level 1  
  32  2:58  Pylon, Probe  
  31  3:00  Probe  
  33  3:14  Probe  
  33  3:15  Probe  
  35  3:20  Assimilator  
  35  3:21  Stalker  
  35  3:24  Stalker  
  35  3:26  Probe  
  40  3:27  Probe  
  40  3:31  Shield Battery  
  41  3:38  Probe  
  42  3:49  Robotics Facility  
  42  3:50  Probe  
  42  3:51  Probe  
  44  3:56  Stalker  
  44  3:58  Zealot  
  44  3:59  Probe  
  44  4:02  Probe  
  48  4:07  Probe  
  50  4:10  Probe, Assimilator  
  52  4:17  Twilight Council, Probe  
  52  4:20  Gateway  
  52  4:21  Probe  
  54  4:24  Pylon  
  54  4:33  Protoss Ground Weapons Level 2  
  54  4:42  Immortal  
  54  4:44  Pylon  
  58  4:47  Zealot x2  
  62  4:56  Charge  
  62  5:05  Pylon  
  62  5:12  Zealot  
  62  5:13  Zealot, Immortal  
  66  5:15  Zealot  
  66  5:20  Probe  
  73  5:28  Pylon  
  73  5:34  Zealot x2  
  77  5:37  Pylon  
  77  5:48  Zealot  
  79  5:57  Gateway  
  79  5:59  Gateway  
  79  6:00  Gateway  
  79  6:02  Gateway  
  79  6:04  Warp Prism  
  81  6:25  Templar Archives  
  81  6:27  Zealot x3  
  81  6:32  Pylon  
  87  6:40  Immortal  
  91  6:55  Zealot  
  91  6:56  Zealot  
  91  6:58  Nexus  
  91  6:59  Pylon  
  95  7:01  High Templar x2  
  95  7:02  High Templar  
  95  7:06  Pylon  
  101  7:16  Archon  
  101  7:19  High Templar  
  101  7:20  High Templar x2  
  101  7:21  Zealot  
  109  7:32  Protoss Ground Weapons Level 3, Gateway  
  109  7:34  Gateway  
  109  7:38  Gateway  
  109  7:39  Gateway  
  109  7:50  Probe x2  
  111  8:04  Immortal  
  115  8:06  Gateway  
  115  8:07  Gateway  
  115  8:09  Pylon  
  115  8:16  Pylon x2  
  115  8:20  High Templar  
  115  8:21  High Templar  
  115  8:22  High Templar x2  
  123  8:27  Archon  
  123  8:28  Archon  
  123  8:41  Archon x2  
  108  8:49  High Templar  
  108  8:50  High Templar  
  108  8:51  Stalker  
  108  8:52  Stalker  
  111  9:01  Archon  
  107  9:10  Zealot x5  
  101  9:31  Stalker x2  
  101  9:32  Stalker x2  
  93  10:19  Zealot x5  
  93  10:20  Zealot x2  
Show
View Real Time Build Order
Export as new Build Order

spencedawg Zerg - Winner!

Build Orders: Hatch First 

Get SALT Encoding   

  12  0:01  Drone  
  13  0:08  Drone  
  14  0:17  Overlord  
  14  0:54  Hatchery  
  13  1:10  Spawning Pool, Drone x3  
  15  1:15  Extractor  
  14  1:25  Drone  
  15  1:32  Drone  
  16  1:42  Drone  
  17  1:53  Drone  
  18  1:57  Queen  
  20  2:04  Drone  
  21  2:10  Drone  
  21  2:12  Queen  
  24  2:16  Zergling x2  
  25  2:25  Drone  
  26  2:32  Drone x2  
  28  2:38  Metabolic Boost  
  28  2:51  Overlord  
  28  2:52  Overlord  
  28  3:11  Zergling x12  
  34  3:18  Drone x2, Extractor  
  35  3:40  Zergling x4  
  35  3:41  Zergling x6  
  40  3:46  Drone x2  
  40  3:47  Drone x2  
  44  3:50  Overlord  
  43  4:16  Lair  
  42  4:20  Drone x3  
  45  4:33  Drone x4  
  50  4:45  Drone x2  
  50  4:46  Drone  
  50  4:51  Overlord x3  
  52  5:17  Roach Warren  
  52  5:20  Hydralisk Den  
  51  5:28  Drone x2, Extractor  
  51  5:29  Spore Crawler, Drone x3  
  51  5:32  Drone  
  51  5:33  Drone  
  55  5:35  Hatchery  
  55  5:38  Overlord  
  52  6:07  Hydralisk x3  
  52  6:08  Hydralisk x4  
  64  6:11  Muscular Augments  
  64  6:15  Queen  
  60  6:27  Spore Crawler  
  60  6:29  Roach x2  
  63  6:56  Hydralisk x3  
  63  6:57  Roach x3  
  75  7:07  Extractor  
  74  7:12  Drone x2  
  74  7:14  Queen  
  78  7:16  Overlord x2  
  78  7:19  Queen  
  80  7:23  Hydralisk x2  
  80  7:25  Hydralisk x3  
  90  7:34  Overlord x3  
  90  7:44  Grooved Spines  
  90  7:50  Queen  
  92  7:58  Drone x4  
  94  7:59  Drone  
  97  8:13  Nydus Network  
  97  8:14  Zergling x8  
  97  8:15  Zergling x12  
  97  8:16  Zergling x12  
  97  8:17  Zergling x2  
  97  8:18  Lurker Den  
  112  8:29  Roach x2  
  112  8:30  Roach x3, Hydralisk  
  124  8:41  Hydralisk x2  
  124  8:42  Hydralisk  
  127  8:57  Spore Crawler  
  127  8:58  Spore Crawler, Hydralisk  
  127  8:59  Hydralisk x2  
  127  9:00  Spore Crawler  
  117  9:03  Spore Crawler  
  84  9:18  Hydralisk x3  
  84  9:31  Hydralisk x2  
  86  9:43  Drone x5  
  86  9:44  Drone x3  
Show
View Real Time Build Order
Export as new Build Order

OpuS Protoss 

Build Orders:  

Get SALT Encoding   

  12  0:01  Probe  
  13  0:13  Probe  
  14  0:18  Pylon  
  14  0:25  Probe  
  15  0:38  Probe, Gateway  
  16  0:46  Probe  
  16  0:50  Assimilator  
  16  0:54  Assimilator  
  16  0:56  Probe  
  18  1:07  Probe  
  19  1:15  Probe  
  19  1:23  Probe  
  20  1:25  Cybernetics Core  
  21  1:35  Probe  
  21  1:39  Pylon  
  22  1:45  Gateway  
  22  1:48  Probe  
  23  2:01  Warp Gate  
  23  2:02  Probe  
  23  2:08  Stalker  
  26  2:10  Probe  
  27  2:34  Nexus  
  27  2:39  Pylon  
  27  2:48  Stalker  
  28  2:55  Stalker  
  30  3:09  Robotics Facility  
  30  3:12  Pylon  
  30  3:22  Gateway  
  30  3:28  Stalker  
  32  3:45  Gateway  
  32  3:52  Twilight Council  
  32  3:57  Observer  
  32  3:59  Probe x2  
  35  4:09  Zealot x2  
  39  4:17  Zealot  
  41  4:21  Probe x2  
  43  4:31  Sentry x2  
  43  4:33  Probe x2  
  49  4:43  Pylon  
  49  4:48  Immortal  
  49  4:52  Probe, Charge  
  54  4:54  Probe  
  55  5:06  Zealot x2  
  59  5:14  Probe x2  
  61  5:17  Zealot  
  63  5:25  Immortal  
  67  5:45  Adept  
  69  5:52  Pylon  
  69  5:53  Pylon  
  69  5:54  Pylon  
  69  6:20  Zealot x4  
  69  6:21  Probe x2  
  79  6:27  Robotics Bay  
  79  6:30  Pylon  
  79  6:33  Pylon, Probe  
  79  6:37  Pylon  
  80  6:44  Gateway  
  80  6:45  Gateway  
  80  6:47  Gateway  
  80  6:49  Gateway  
  80  6:51  Pylon  
  80  6:52  Probe x2  
  82  6:59  Immortal  
  86  7:06  Probe x2  
  88  7:12  Stalker x2  
  92  7:18  Probe x2  
  92  7:19  Assimilator  
  94  7:24  Assimilator  
  94  7:28  Blink  
  94  7:30  Pylon  
  94  7:33  Pylon  
  94  7:43  Stalker, Zealot  
  94  7:44  Zealot  
  100  8:06  Robotics Facility  
  100  8:07  Zealot x5  
  100  8:09  Probe  
  111  8:13  Probe  
  112  8:21  Probe  
  112  8:25  Probe  
  114  8:34  Zealot x3  
  120  8:46  Colossus  
  120  8:48  Colossus  
  72  9:28  Zealot  
  72  9:29  Zealot x2  
  72  9:30  Zealot  
  51  9:47  Robotics Bay  
  51  9:49  Zealot  
  51  9:50  Zealot x3  
  41  10:13  Zealot x4  
Show
View Real Time Build Order
Export as new Build Order

Sketchaphone Zerg 

Build Orders: Hatch First, Muta Ling Bane 

Get SALT Encoding   

  12  0:04  Drone  
  13  0:12  Overlord  
  13  0:18  Drone  
  14  0:31  Drone x2  
  16  0:36  Drone  
  17  0:58  Hatchery  
  16  1:07  Drone  
  17  1:11  Drone  
  17  1:12  Drone  
  19  1:22  Spawning Pool  
  18  1:26  Extractor  
  17  1:37  Drone  
  18  1:41  Drone  
  19  1:47  Drone  
  19  1:51  Overlord  
  20  2:13  Hatchery  
  20  2:14  Overlord  
  18  2:19  Drone  
  18  2:21  Drone  
  20  2:27  Pneumatized Carapace  
  20  2:31  Drone  
  20  2:35  Drone  
  22  2:42  Drone  
  22  2:43  Drone  
  24  2:45  Drone  
  24  2:49  Drone  
  26  2:53  Drone  
  26  2:55  Drone  
  28  3:04  Metabolic Boost, Drone  
  29  3:06  Drone  
  30  3:15  Drone  
  30  3:19  Drone  
  34  3:25  Drone  
  34  3:26  Queen  
  35  3:29  Drone x2  
  35  3:32  Extractor  
  36  3:34  Queen  
  36  3:36  Drone  
  39  3:47  Overlord  
  39  3:48  Overlord  
  39  3:49  Drone x3  
  42  3:59  Drone  
  42  4:00  Drone x2  
  42  4:02  Queen  
  47  4:09  Spore Crawler  
  46  4:14  Spine Crawler  
  46  4:16  Spine Crawler  
  44  4:21  Spine Crawler  
  44  4:22  Lair, Drone  
  44  4:23  Drone  
  45  4:36  Drone x2  
  47  4:39  Extractor  
  47  4:41  Queen  
  47  4:42  Drone x2  
  47  4:43  Drone x2  
  47  4:44  Extractor  
  52  4:45  Drone x3  
  52  4:49  Drone, Extractor  
  52  4:50  Extractor  
  53  5:00  Drone x5  
  53  5:06  Overlord  
  53  5:07  Overlord  
  58  5:20  Spore Crawler  
  57  5:22  Overlord  
  57  5:24  Drone  
  57  5:27  Overlord  
  58  5:29  Overlord  
  58  5:30  Overlord, Drone x2  
  60  5:37  Spire  
  59  5:56  Baneling Nest  
  58  5:57  Evolution Chamber  
  58  5:59  Drone x8  
  58  6:00  Evolution Chamber  
  58  6:01  Drone  
  65  6:23  Overlord  
  65  6:24  Overlord  
  65  6:25  Overlord  
  65  6:27  Overlord  
  65  6:33  Zerg Melee Weapons Level 1  
  65  6:34  Drone  
  65  6:37  Drone x4  
  65  6:39  Drone  
  71  6:41  Drone  
  71  6:43  Overseer  
  72  6:49  Zerg Flyer Weapons Level 1, Mutalisk  
  72  6:50  Mutalisk x5  
  72  6:52  Mutalisk  
  86  7:00  Zerg Ground Armor Level 1, Mutalisk  
  88  7:02  Centrifical Hooks  
  88  7:12  Drone  
  88  7:13  Drone x4  
  93  7:21  Mutalisk x2  
  93  7:22  Hatchery  
  96  7:23  Mutalisk  
  96  7:29  Corruptor  
  100  7:41  Mutalisk x5  
  110  7:46  Mutalisk  
  110  7:47  Mutalisk x2  
  116  7:59  Mutalisk  
  116  8:00  Mutalisk x2  
  122  8:09  Overlord x2  
  122  8:16  Overlord  
  122  8:21  Overlord  
  122  8:28  Overlord x3  
  122  8:35  Zergling x14  
  122  8:36  Queen  
  131  8:44  Zergling x10  
  131  8:45  Zergling x2  
  125  9:01  Zergling x10  
  126  9:04  Zergling x4  
  126  9:09  Zergling x4  
  115  9:24  Zergling x10  
  115  9:25  Baneling x3  
  115  9:26  Baneling x7  
  115  9:27  Zergling x2  
  115  9:30  Zergling x4  
  104  9:34  Baneling x5  
  104  9:36  Zergling x4  
  95  9:44  Zergling x4  
  95  9:45  Zergling x2  
  98  9:46  Baneling x8  
  98  9:47  Zergling x2  
  99  9:58  Zergling x8  
  99  9:59  Zergling x8  
  96  10:06  Hydralisk Den, Zergling x20  
  99  10:12  Baneling  
  99  10:13  Zergling x2  
  98  10:21  Hatchery  
Tags
 
Add a new tag
Caveats
  • Supply blocks, unpowered buildings, or Contaminate may cause inaccurate times.
  • Supply counts are checked every 10 seconds.